 Dungeon Crawl Stone Soup version 0.31-a0-1529-g7bd419a0e5 (webtiles) character file.

Game seed: 2899783814029562635

52 demibob the Ruffian (level 3, -4/29 HPs)
             Began as a Demonspawn Chaos Knight on Dec 31, 2023.
             Was a Plaything of Xom.
             Slain by Crazy Yiuf
             ... wielding a +4 quarterstaff of chaos
              (7 damage)
             ... on level 2 of the Dungeon.
             The game lasted 00:01:23 (1153 turns).

demibob the Ruffian (Demonspawn Chaos Knight)       Turns: 1153, Time: 00:01:23

Health: -4/29      AC:  5    Str: 20    XL:     3   Next: 60%
Magic:  3/3        EV: 11    Int: 12    God:    Xom [....*.]
Gold:   46         SH:  0    Dex: 12    Spells: 2/2 levels left

rFire   . .          .
                       - Unarmed
rCold   . . .        (no shield)
rNeg    . . .        a - +2 leather armour
rPois   .            (no helmet)
rElec   .            (no cloak)
rCorr   .            (no gloves)
SInv    .            (no boots)
Will    .....        (no amulet)
Stlth   +            S - +6 ring of strength
HPRegen 0.24/turn    (no ring)
MPRegen 0.08/turn

%: no passive effects
@: mighty
A: foul stench 1
a: Renounce Religion


You were on level 2 of the Dungeon.
You worshipped Xom.
You were a beloved toy of Xom.
You visited 1 branch of the dungeon, and saw 2 of its levels.

You collected 46 gold pieces.


Innate Abilities, Weirdness & Mutations

You may rarely emit foul miasma when damaged in melee.


   Skills:
 - Level 3.0 Fighting
 - Level 1.7 Armour
 - Level 0.8 Dodging
 + Level 4.2 Unarmed Combat


You had 2 spell levels left.
You didn't know any spells.
Your spell library was empty.

Inventory:

Armour
 a - a +2 leather armour (worn)
Jewellery
 S - a +6 ring of strength (left hand)
Scrolls
 b - a scroll of butterflies

Dungeon Overview and Level Annotations

Branches:
Dungeon (2/15)

Altars:

Shops:
D:2 (

Annotations:
D:2 1 runed translucent door, Crazy Yiuf

▒▒▒▒▒ ▒)..▒♣♣ ▒g..+.♣
▒.@.▒ ▒▒▒▒▒ ### ###
##### ##.#####.###...##
##.#..<..........##
##.###.###.#.......####
#.## ##................


You could see Crazy Yiuf.


Message History

Xom is getting BORED.
Xom is getting BORED.
You are now a BORING thing. "Where it stops, nobody knows!"
Your surroundings suddenly seem different.
Crazy Yiuf the Enlightened comes into view.
He is wielding a +4 quarterstaff of chaos.
Found a dazzling hammer.
Found a runed translucent door.
You are now a beloved toy of Xom.
You feel very mighty all of a sudden.
The helpless Crazy Yiuf fails to defend himself.
You hit Crazy Yiuf.
Crazy Yiuf is moderately wounded.
Crazy Yiuf misses you.
You hit Crazy Yiuf.
Crazy Yiuf is heavily wounded.
Crazy Yiuf says, "My goal is simple.
It is a complete understanding of the universe, why it is as it is and why it exists at all."
Crazy Yiuf hits you with a +4 quarterstaff of chaos!
Crazy Yiuf burns you.
You barely miss Crazy Yiuf.
Crazy Yiuf is heavily wounded.
Crazy Yiuf hits you with a +4 quarterstaff of chaos!
* * * LOW HITPOINT WARNING * * *
Crazy Yiuf freezes you.
* * * LOW HITPOINT WARNING * * *
You are too injured to fight recklessly!
You punch Crazy Yiuf!
Crazy Yiuf is almost dead.
Crazy Yiuf grits, "Scoff!
Ice snail unthinkable."
Crazy Yiuf hits you with a +4 quarterstaff of chaos!
You die...

Skill      XL: |  1  2  3 |
---------------+----------+-----
Unarmed Combat | 3 4 |  4.2
Fighting       | |  3.0
Armour         | |  1.7
Dodging        | |  0.8

Action                     || total
---------------------------++-------
  Melee: Unarmed           ||   126
         Punch             ||     2
    Use: Scroll            ||     2
         Potion            ||     1
   Stab: Sleeping          ||     3
 Armour: Leather armour    ||    70
  Dodge: Dodged            ||    74

Levels and vault maps discovered:
D:1:      lemuel_arrival_funnel, layout_basic, nicolae_ecumenical_snake_handling
D:2:      layout_loops_ring, serial_shops, nicolae_shop_behind_doors,
          uniq_crazy_yiuf_cottage

Notes
Turn   | Place    | Note
-------+----------+-------------------------------------------
     0 | D:1      | demibob the Demonspawn Chaos Knight began the quest for the
                  | Orb.
     0 | D:1      | Reached XP level 1. HP: 18/18 MP: 1/1
    64 | D:1      | Reached skill level 3 in Unarmed Combat
    72 | D:1      | XOM: butterfly on damage
   161 | D:1      | Gained mutation: You may rarely emit foul miasma when
                  | damaged in melee. [demonic ancestry]
   161 | D:1      | Reached XP level 2. HP: 19/24 MP: 2/2
   351 | D:1      | XOM: 1-stop teleportation journey
   598 | D:1      | XOM: cloud trail
   659 | D:1      | XOM: silly message
   787 | D:1      | XOM: silly message
   793 | D:1      | Reached XP level 3. HP: 29/29 MP: 3/3
   797 | D:1      | Found a faded altar of an unknown god.
   813 | D:1      | XOM: silly message
  1048 | D:2      | Found Vafih's Weapon Shoppe.
  1062 | D:2      | Reached skill level 4 in Unarmed Combat
  1148 | D:2      | XOM is BORED!
  1148 | D:2      | Found a runed translucent door.
  1148 | D:2      | Noticed Crazy Yiuf
  1148 | D:2      | XOM: 1-stop teleportation journey
  1152 | D:2      | HP: 2/29 [Crazy Yiuf/+4 quarterstaff of chaos (1)]
  1153 | D:2      | Slain by Crazy Yiuf

Vanquished Creatures
  2 adders (D:2)
  7 ball pythons (D:1)
  2 bats
  2 endoplasms (D:1)
  3 giant cockroaches (D:1)
  4 goblins (D:1)
  6 hobgoblins (D:1)
  A quokka (D:1)
  A frilled lizard (D:1)
  A rat (D:1)
29 creatures vanquished.

Table legend: (Time is in decaauts)
 A = Elapsed time spent in this place.
 B = Non-inter-level travel time spent in this place.
 C = Inter-level travel time spent in this place.
 D = Time resting spent in this place.
 E = Time spent auto-exploring this place.
 F = Levels seen in this place.
 G = Mean time per level.
                   A        B        C        D        E       F      G
               +--------+--------+--------+--------+--------+-----+--------+
         Total |   1144 |   1080 |     64 |      3 |    872 |   2 |  572.0 |
       Dungeon |   1144 |   1080 |     64 |      3 |    872 |   2 |  572.0 |
               +--------+--------+--------+--------+--------+-----+--------+

Top non-repeatable levels by time:
     D:1: 984 daAuts
     D:2: 160 daAuts

Table legend:
 A = Non-vault XP
 B = Vault XP
 C = Vault XP percentage of total XP
 D = Non-vault monster count
 E = Vault monster count
 F = Vault count percentage of total count
                 A         B        C        D         E       F
            +---------+---------+-------+---------+---------+-------
      Total |      68 |       7 |   9.3 |      25 |       4 |  13.8
            +---------+---------+-------+---------+---------+-------
        D:1 |      40 |       7 |  14.9 |      22 |       4 |  15.4
        D:2 |      28 |       0 |   0.0 |       3 |       0 |   0.0
            +---------+---------+-------+---------+---------+-------
